 Dungeon Crawl Stone Soup version 0.32-a0-558-g233958a4c4 (webtiles) character file.

Game seed: 4769386959594915312

60278 StoneforgeMystic the Brawler (level 14, -11/145 HPs)
             Began as a Pale Draconian Shapeshifter on Feb 29, 2024.
             Was the Champion of Yredelemnul.
             Mangled by a two-headed ogre
             ... wielding a +0 giant club
              (22 damage)
             ... on level 2 of the Orcish Mines.
             The game lasted 00:29:48 (19490 turns).

StoneforgeMystic the Brawler (DrSh)                Turns: 19490, Time: 00:29:49

Health: -11/145    AC: 10    Str: 28    XL:     14   Next: 56%
Magic:  16/21      EV: 16    Int: 12    God:    Yredelemnul [******]
Gold:   1610       SH:  0    Dex: 20    Spells: 13/13 levels left

rFire   . .          .
                       - Unarmed
rCold   . . .        (shield currently unavailable)
rNeg    . . .        (body armour unavailable)
rPois   +            (helmet currently unavailable)
rElec   .            A - melded scarf {repulsion}
rCorr   .            n - melded +0 pair of gloves
SInv    .            (boots currently unavailable)
Will    +....        I - dreamdust necklace {Acrobat}
Stlth   +++          G - +6 ring of dexterity
HPRegen 0.44/turn    S - +6 ring of strength
MPRegen 0.17/turn

%: acrobat
@: snake-form, wreathed by umbra
A: constrict, boosted hp, (steam breath), AC +8, large, unfitting armour,
(cold-blooded), (steam resistance)
a: Begin Untransformation, Renounce Religion, Light the Black Torch, Recall
Undead Harvest, Hurl Torchlight, Bind Soul, Fathomless Shackles


You were on level 2 of the Orcish Mines.
You worshipped Yredelemnul.
Yredelemnul was aware of your devotion.
You were an enormous serpent.
You visited 4 branches of the dungeon, and saw 19 of its levels.

You collected 1844 gold pieces.
You spent 234 gold pieces at shops.

Inventory:

Armour
 n - a +0 pair of gloves (melded)
 A - a scarf of repulsion (melded)
Jewellery
 j - a ring of protection from fire
 p - an amulet of magic regeneration
 w - a ring of poison resistance
 x - a ring of protection from fire
 B - a ring of wizardry
 G - a +6 ring of dexterity (left hand)
 I - the dreamdust necklace (around neck) {Acrobat}
   (You found it on level 6 of the Dungeon)

   [amulet of the acrobat]

   Acrobat:   It increases your evasion while moving and waiting.
 K - a ring of ice
 L - a ring of protection from cold
 S - a +6 ring of strength (right hand)
 U - an amulet of guardian spirit
 V - a ring of protection from cold
 Y - an amulet of faith
 Z - a ring of fire
Talismans
 r - a blade talisman
 y - a serpent talisman (active)
Wands
 d - a wand of charming (13)
 q - a wand of warping (11)
 s - a wand of flame (1)
 v - a wand of digging (1)
 E - a wand of mindburst (12)
 P - a wand of polymorph (11)
Scrolls
 e - 3 scrolls of enchant armour
 i - a scroll of acquirement
 k - 4 scrolls of noise
 l - 4 scrolls of fear
 m - 4 scrolls of revelation {@r5}
 t - 2 scrolls of amnesia
 C - 2 scrolls of enchant weapon
 H - 3 scrolls of teleportation {@r3}
 J - 2 scrolls of vulnerability {!r}
 M - 2 scrolls of immolation
 N - a scroll of poison
 Q - 3 scrolls of blinking {@r4}
 R - a scroll of silence {!r}
 X - a scroll of fog {@r2}
Potions
 a - 5 potions of lignification
 b - a potion of might {@q3}
 f - 2 potions of magic {unknown}
 g - 2 potions of enlightenment {unknown}
 h - 2 potions of haste {@q5}
 o - 3 potions of degeneration {unknown}
 u - a potion of cancellation
 z - 2 potions of berserk rage
 D - a potion of invisibility
 F - 3 potions of mutation
 O - 3 potions of curing {@q2}
 T - 3 potions of brilliance
 W - 3 potions of heal wounds {@q1}


   Skills:
 - Level 10.0 Fighting
 + Level 9.3 Dodging
 - Level 16.0 Unarmed Combat
 - Level 10.0 Invocations
 + Level 12.7 Shapeshifting


You had 13 spell levels left.
You didn't know any spells.
Your spell library contained the following spells:

 Spells                   Type           Power      Damage    Failure   Level
 Magic Dart               Conj           0%         1d3       32%         1
 Searing Ray              Conj           0%         2d4       45%         2
 Fulminant Prism          Conj/Alch      0%         3d5       97%         4
 Iskenderun's Battlesphe  Conj           0%         2d6       100%        5
 Bombard                  Conj/Erth      0%         9d1       100%        6
 Spellforged Servitor     Conj/Summ      0%         N/A       100%        7


Dungeon Overview and Level Annotations

Branches:
Dungeon (11/15)            Temple (1/1) D:4            Lair (5/5) D:8
 Shoals (0/4) Lair:2        Snake (0/4) Lair:2        Slime (0/5) Lair:5
    Orc (2/2) D:11            Elf (0/3) Orc:2

Altars:
Ashenzari
Cheibriados
Dithmenos
Elyvilon
Fedhas
Gozag
Hepliaklqana
Kikubaaqudgha
Makhleb
Nemelex Xobeh
Okawaru
Qazlal
Ru
Sif Muna
Trog
Uskayaw
Vehumet
Wu Jian
Xom
Yredelemnul
Zin
The Shining One
Beogh
Jiyva

Shops:
Orc:1 !

Portals:
Hell: Lair:5

Annotations:
D:10 2 runed translucent doors
Lair:3 1 runed translucent door, Konar's ghost, journeyman AtBe


Innate Abilities, Weirdness & Mutations

You are an enormous serpent.
You have a powerful constriction melee attack.
Your maximum health is increased.
Your armour is entirely melded.
You are incapable of wielding weapons or throwing items.
((You can breathe blasts of scalding, opaque steam.))
((Your pale cyan-grey scales are hard. (AC +8)))
You cannot fit into any form of body armour.
((You are cold-blooded and may be slowed by cold attacks.))
((You are immune to the effects of steam.))


Message History

You constrict the troll!
Your orc wizard zombie hits the two-headed ogre.
Your orc wizard zombie hits the two-headed ogre but does no damage.
Your ogre zombie closely misses the two-headed ogre.
The troll bites you. The troll barely misses you. The troll closely misses you.
Your orc priest zombie hits the troll but does no damage.
Your orc zombie hits the two-headed ogre but does no damage.
The two-headed ogre closely misses you. x2
You body-slam the troll!!
You kill the troll!
Their soul becomes fuel for the torch.
The dead are walking!
Your bound orc sorcerer hits the two-headed ogre but does no damage.
The two-headed ogre closely misses you. x2
Your orc wizard zombie hits the two-headed ogre.
You body-slam the two-headed ogre!!
Your grab misses the two-headed ogre.
The two-headed ogre is heavily wounded.
The two-headed ogre misses you. The two-headed ogre barely misses you.
The ogre hits your soul eater with a +0 giant club!
Your orc knight zombie hits the two-headed ogre.
Your bound orc sorcerer casts a spell.
Your orc wizard zombie hits the two-headed ogre.
Your orc priest zombie barely misses the two-headed ogre.
Your soul eater hits the two-headed ogre!!
The two-headed ogre dies!
Their soul becomes fuel for the torch.
You hit the two-headed ogre. You grab the two-headed ogre.
The two-headed ogre is heavily wounded.
You constrict the two-headed ogre.
The two-headed ogre hits you with a +0 giant club!!
* * * LOW HITPOINT WARNING * * *
The two-headed ogre hits you with a +0 giant club!
* * * LOW HITPOINT WARNING * * *
Your ogre zombie hits the two-headed ogre!
Your troll zombie bites the two-headed ogre but does no damage.
Your troll zombie barely misses the two-headed ogre.
Your troll zombie claws the two-headed ogre.
The two-headed ogre hits you with a +0 giant club!!
You die...
Your body rises from the dead as a mindless zombie.

## .### ...........##..
...#### #....$......#..
....#.## #........#.#...
.......###.........#....
......###....ZZCT...#...
.......###...Z)ZOZ......
........###.4ZZ3OOZ....#
............))ZZSO......
.#.........).#3)Z.......
.#......#....#.$.....##.
........#.#.#)..#....#
.....Z.#######.####.##
....Z..# ### ## ...Z...#
......## ..##.##


You could see an iron troll, 3 two-headed ogres, a cyclops, an ogre (ally
target), 2 friendly soul eaters, a friendly bound orc sorcerer, a friendly chaos
spawn (summoned), 2 friendly orc zombies, a friendly orc warrior zombie, a
friendly orc priest zombie, 2 friendly orc wizard zombies, a friendly orc knight
zombie, a friendly ogre zombie and 2 friendly troll zombies.

Vanquished Creatures
  An orc warlord (Orc:1)
  A hydra (Lair:5)
  A boulder beetle (Lair:5)
  3 two-headed ogres
  An orc high priest (Orc:1)
  3 skysharks
  A deep troll (Orc:2)
  3 orc knights
  An arcanist (Lair:5)
  Pikel (D:6)
  5 black mambas
  12 elephants
  An orange demon (Lair:5)
  Joseph (D:7)
  16 cane toads
  2 gargoyles
  4 rime drakes
  5 komodo dragons
  2 ice devils (Lair:5)
  A red devil (Lair:5)
  7 trolls
  A polar bear (Lair:5)
  4 merfolk (Lair:2)
  7 blink frogs
  2 slime creatures (D:10)
  A shadow (D:10)
  2 wraiths (D:11)
  4 wyverns
  4 basilisks
  35 yaks
  2 wargs (Orc:2)
  2 steam dragons
  Edmund (D:6)
  A naga (Lair:2)
  4 hell hounds (Lair:5)
  13 water moccasins
  A black bear (Lair:2)
  15 orc warriors
  15 ogres
  18 wolves
  2 centaurs
  The ghost of 1Anon the Caller, an amateur GnSu (D:3)
  3 kobold brigands
  A weeping skull (D:11)
  8 bullfrogs
  A gnoll sergeant (D:9)
  4 scorpions
  5 wights (D:7)
  A water moccasin zombie (D:3)
  22 killer bees
  4 howler monkeys
  An electric eel (Lair:2)
  5 bombardier beetles
  A bullfrog zombie (D:3)
  3 hounds
  16 orc priests
  3 jellies
  4 iguanas
  Ijyb (D:2)
  A gnoll bouda (D:6)
  12 orc wizards
  A sleepcap (D:7)
  A hell rat (Lair:1)
  A killer bee zombie (D:7)
  Robin (D:2)
  15 gnolls
  5 adders
  5 river rats (Lair:1)
  A shadow imp (D:3)
  4 ufetubi (D:6)
  A ribbon worm (D:2)
  51 orcs
  5 bats
  6 endoplasms
  2 giant cockroaches
  19 goblins
  10 hobgoblins
  A quokka (D:4)
  6 ball pythons
  18 kobolds
  2 orc zombies (D:7)
  2 rats
  A spectral orc (D:11)
461 creatures vanquished.

Vanquished Creatures (collateral kills)
  A two-headed ogre (Orc:2)
  A death yak (Lair:5)
  A sun demon (Lair:5)
  A deep elf pyromancer (D:7)
  A kobold blastminer (Orc:2)
  A slime creature (D:10)
  Maggie (D:6)
  A black mamba (Lair:2)
  7 elephants
  A torpor snail (Lair:5)
  2 cane toads
  A rime drake (Lair:2)
  A komodo dragon (Lair:5)
  A red devil (Lair:5)
  A hellwing (Lair:5)
  A troll (Orc:2)
  11 blink frogs
  A basilisk (Lair:5)
  19 yaks
  A steam dragon (D:7)
  A warg (Orc:1)
  A water moccasin (Lair:1)
  An orc warrior (Orc:2)
  2 ogres
  8 wolves
  A centaur (D:9)
  4 bullfrogs
  A gnoll sergeant (D:7)
  5 killer bees
  3 howler monkeys
  6 orc priests
  10 orc wizards
  A hell rat (Lair:1)
  2 gnolls (D:7)
  2 adders
  4 river rats (Lair:1)
  19 orcs
  3 kobolds (D:10)
129 creatures vanquished.

Vanquished Creatures (others)
  An orange demon (Lair:5)
  4 black mamba zombies
  A water elemental (D:10)
  3 cane toad zombies (Lair:5)
  2 blink frog zombies (Lair:4)
  An elephant zombie (Lair:5)
  A komodo dragon zombie (Lair:5)
  A torpor snail zombie (Lair:5)
  A wyvern zombie (Lair:2)
  A hell hound zombie (Lair:5)
  A warg zombie (Orc:2)
  A water moccasin zombie (Lair:2)
  2 troll zombies
  17 yak zombies
  A killer bee (D:7)
  8 wolf zombies
  A bullfrog zombie (Lair:2)
  A basilisk zombie (Lair:5)
  An orc priest (D:7)
  8 killer bee zombies
  4 ogre zombies
  A howler monkey zombie (D:8)
  An orc (Orc:1)
  8 gnoll zombies
  43 orc zombies
114 creatures vanquished.

Grand Total: 704 creatures vanquished

Notes
Turn   | Place    | Note
-------+----------+-------------------------------------------
     0 | D:1      | StoneforgeMystic the Draconian Shapeshifter began the quest
                  | for the Orb.
     0 | D:1      | Reached XP level 1. HP: 16/16 MP: 1/1
     3 | D:1      | Noticed an electric eel
     4 | D:1      | Noticed an electric eel
   240 | D:1      | Reached XP level 2. HP: 18/23 MP: 2/2
   511 | D:1      | You fall into a shaft and drop 1 floor!
   580 | D:1      | Found a faded altar of an unknown god.
   845 | D:2      | Noticed Ijyb
   852 | D:3      | Noticed Robin
   955 | D:2      | Reached XP level 3. HP: 14/28 MP: 3/3
  1418 | D:2      | Killed Ijyb
  1538 | D:2      | Reached XP level 4. HP: 35/35 MP: 4/4
  1855 | D:2      | Killed Robin
  1901 | D:3      | Reached skill level 5 in Shapeshifting
  1929 | D:3      | Found a hazy altar of Hepliaklqana.
  1987 | D:3      | Found a transporter.
  1989 | D:3      | Noticed 1Anon's ghost (amateur GnSu)
  1994 | D:3      | Found a transporter.
  2253 | D:3      | Found a shadowy altar of Dithmenos.
  2746 | D:4      | Noticed a scorpion
  2753 | D:4      | Killed a scorpion
  2754 | D:4      | Reached XP level 5. HP: 40/40 MP: 5/5
  2815 | D:4      | Reached XP level 6. HP: 17/47 MP: 6/6
  2948 | D:4      | Found a staircase to the Ecumenical Temple.
  2961 | Temple   | Entered the Ecumenical Temple
  2972 | Temple   | Became a worshipper of Yredelemnul the Fallen
  3787 | D:5      | Entered Level 5 of the Dungeon
  3787 | D:5      | Noticed a water moccasin
  3878 | D:5      | Your scales start taking on a pale cyan-grey colour.
  3878 | D:5      | Reached XP level 7. HP: 55/55 MP: 7/7
  3878 | D:5      | Gained mutation: You are immune to the effects of steam.
                  | [Pale Draconian growth]
  3989 | D:5      | Found a white marble altar of Elyvilon.
  4090 | D:5      | Reached skill level 4 in Unarmed Combat
  4367 | D:5      | Reached * piety under Yredelemnul
  4443 | D:5      | Reached skill level 5 in Unarmed Combat
  4898 | D:6      | Noticed Maggie
  4918 | D:6      | Reached XP level 8. HP: 66/66 MP: 8/8
  4919 | D:6      | Killed Maggie
  4920 | D:6      | Reached skill level 6 in Unarmed Combat
  4923 | D:6      | Reached skill level 5 in Fighting
  4923 | D:6      | Reached skill level 7 in Unarmed Combat
  5005 | D:6      | Found a glowing golden altar of the Shining One.
  5070 | D:6      | Reached skill level 8 in Unarmed Combat
  5081 | D:6      | Reached ** piety under Yredelemnul
  5475 | D:6      | Found the dreamshard necklace {Acrobat *Dream}
  5488 | D:6      | Noticed Pikel
  5510 | D:6      | HP: 4/105 [Pikel/+1 whip of electrocution (8)]
  5513 | D:6      | Reached XP level 9. HP: 30/75 MP: 4/9
  5517 | D:6      | Killed Pikel
  5518 | D:6      | Reached skill level 9 in Unarmed Combat
  5733 | D:6      | Noticed Edmund
  5743 | D:6      | Killed Edmund
  6231 | D:7      | Noticed a troll
  6236 | D:7      | Killed a troll
  6237 | D:7      | Reached skill level 10 in Unarmed Combat
  6504 | D:7      | Found a bloodstained altar of Trog.
  6505 | D:7      | Found a hide-covered altar of Uskayaw.
  6508 | D:7      | Found an ancient bone altar of Kikubaaqudgha.
  6508 | D:7      | Found an ornate altar of the Wu Jian Council.
  6543 | D:7      | Reached *** piety under Yredelemnul
  6560 | D:7      | Found a flagged portal.
  6596 | D:7      | Noticed Joseph
  6607 | D:7      | Killed Joseph
  6608 | D:7      | Reached XP level 10. HP: 51/88 MP: 10/10
  6975 | D:7      | Noticed a deep elf pyromancer
  6987 | D:7      | Killed a deep elf pyromancer
  7173 | D:7      | Identified a scroll of acquirement
  7723 | D:8      | Found a staircase to the Lair.
  7729 | D:8      | Reached skill level 10 in Shapeshifting
  7733 | D:8      | Reached skill level 1 in Invocations
  7961 | D:9      | Found a sacrificial altar of Ru.
  8206 | D:9      | Reached **** piety under Yredelemnul
  8528 | D:10     | Entered Level 10 of the Dungeon
  8575 | D:10     | Found a large runed translucent door.
  8575 | D:10     | Found a large runed translucent door.
  8784 | D:10     | Noticed a gargoyle
  8788 | D:10     | Killed a gargoyle
  8829 | D:10     | Found an iron altar of Okawaru.
  8834 | D:10     | Reached XP level 11. HP: 95/95 MP: 12/14
  9163 | D:10     | Saved by the dreamshard amulet
  9624 | D:3      | Killed 1Anon's ghost
  9844 | Lair:1   | Entered Level 1 of the Lair of Beasts
  9853 | Lair:1   | Reached skill level 11 in Unarmed Combat
  9855 | Lair:1   | Reached skill level 5 in Invocations
 10302 | Lair:1   | Reached ***** piety under Yredelemnul
 10511 | Lair:1   | Found an opulent altar of Gozag.
 11001 | Lair:2   | Reached skill level 12 in Unarmed Combat
 11011 | Lair:2   | Reached XP level 12. HP: 72/105 MP: 17/17
 11228 | Lair:2   | Found a staircase to the Snake Pit.
 11260 | Lair:2   | Reached skill level 5 in Dodging
 11640 | Lair:2   | Found a staircase to the Shoals.
 11645 | Lair:2   | Reached skill level 10 in Fighting
 12428 | Lair:3   | Reached skill level 13 in Unarmed Combat
 12891 | Lair:3   | Found a runed translucent door.
 12892 | Lair:3   | Noticed Konar's ghost (journeyman AtBe)
 13372 | Lair:4   | Reached XP level 13. HP: 96/113 MP: 20/20
 13379 | Lair:4   | Reached skill level 10 in Invocations
 13958 | Lair:4   | Reached skill level 14 in Unarmed Combat
 14325 | Lair:5   | Entered Level 5 of the Lair of Beasts
 15037 | Lair:5   | Found a viscous altar of Jiyva.
 15037 | Lair:5   | Found a staircase to the Slime Pits.
 15061 | Lair:5   | Reached ****** piety under Yredelemnul
 15164 | Lair:5   | Reached skill level 15 in Unarmed Combat
 15879 | Lair:5   | Reached XP level 14. HP: 100/121 MP: 21/21
 16078 | Lair:5   | Found a burning altar of Makhleb.
 16653 | Lair:5   | Found a gateway to Hell.
 17251 | D:11     | Found a staircase to the Orcish Mines.
 17630 | D:11     | Found a basalt altar of Yredelemnul.
 17986 | Orc:1    | Entered Level 1 of the Orcish Mines
 18077 | Orc:1    | Found Soliuff's Distillery.
 18085 | Orc:1    | Bought a potion of heal wounds for 65 gold pieces
 18085 | Orc:1    | Bought a potion of heal wounds for 65 gold pieces
 18085 | Orc:1    | Bought a potion of curing for 39 gold pieces
 18085 | Orc:1    | Bought a potion of berserk rage for 65 gold pieces
 18324 | Orc:1    | Noticed an orc warlord
 18343 | Orc:1    | Killed an orc warlord
 18402 | Orc:1    | Found a roughly hewn altar of Beogh.
 18947 | Orc:2    | Entered Level 2 of the Orcish Mines
 19035 | Orc:2    | Reached skill level 16 in Unarmed Combat
 19323 | Orc:2    | Found a staircase to the Elven Halls.
 19490 | Orc:2    | Mangled by a two-headed ogre

Illustrated notes

Levels and vault maps discovered:
D:1:      arrival_aquarium_b, layout_basic, ebering_ecumenical_altar_webs
D:2:      kennysheep_the_goblin_king, layout_loops_ring, minmay_misc_feat_alley,
          minmay_goblin_kobold_house
D:3:      layout_loops_ring, lemuel_tele_altar, mainiacjoe_overflow_paths,
          gammafunk_ghost_mausoleum, uniq_robin, uniq_ijyb
D:4:      layout_loops_cross, minmay_temple_entry_waves, minmay_misc_feat_square
D:5:      layout_loops_corners, lemuel_round_altar
D:6:      layout_loops_ring, mainiacjoe_overflow_cross_hatched, uniq_maggie,
          uniq_edmund, uniq_pikel
D:7:      layout_rooms, chequers_temple_overflow_statue_of_worship,
          enter_bailey_2, guppyfry_early_elven_hall, uniq_joseph,
          uniq_crazy_yiuf_cottage
D:8:      layout_cave_pools, david_lair_shrubbed, st_stairs_2
D:9:      layout_roguey, nicolae_ru_awakened_eye
D:10:     layout_rooms, mainiacjoe_overflow_boulevard, corexii_corridor_pit,
          st_stairs_6, lightli_elemental_guards
D:11:     layout_loops_corners, orc_0_dummy,
          serial_library_regret_index_split_case,
          yredelemnul_forgotten_temple_becter
Temple:   hellmonk_temple_flake
Lair:1:   layout_hall_layers, basic_altar, kennysheep_rathole,
          infiniplex_staircase_pool_2
Lair:2:   layout_roguey, elwin_shoals_entry_stream, guppyfry_snake_entry_garden,
          serial_bayou_shore_a, grunt_megastairs_1
Lair:3:   layout_roguey, ebering_ghost_inner_flame
Lair:4:   beast_lair_carwin_large_1, layout_long_grid, minmay_holes
Lair:5:   evil_forest, layout_regular_city, slime_entry_1, st_stairs_12
Orc:1:    layout_caves, nicolae_volcano_entry_hallway, serial_shops,
          nicolae_shop_crystal, minmay_orc_temple_c
Orc:2:    st_orc_open, layout_diamond_mine, nicolae_orc_rockfall

Skill      XL: |  1  2  3  4  5  6  7  8  9 10 11 12 13 14 |
---------------+-------------------------------------------+-----
Shapeshifting  | 4 5 6 7 8 10 11 12 | 12.7
Fighting       | 2 4 6 8 9 10 | 10.0
Unarmed Combat | 5 8 10 12 13 15 16 | 16.0
Dodging        | 2 4 6 8 9 |  9.3
Invocations    | 4 7 9 10 | 10.0

Action                     |  1- 3 |  4- 6 |  7- 9 | 10-12 | 13-15 || total
---------------------------+-------+-------+-------+-------+-------++-------
  Melee: Unarmed           |   107 |   151 |   241 |   422 |   375 ||  1296
         Tailslap          |     6 |    24 |    40 |    33 |       ||   103
         Punch             |       |     1 |       |    10 |       ||    11
         Constrict         |       |       |       |    48 |    91 ||   139
 Invoke: Light the Black T |       |     2 |     2 |     7 |     3 ||    14
         Hurl Torchlight   |       |       |     1 |     1 |     3 ||     5
         Bind Soul         |       |       |       |       |     1 ||     1
         Fathomless Shackl |       |       |       |       |     1 ||     1
Ability: Steam Breath      |       |       |     3 |       |       ||     3
  Evoke: Wand              |       |     5 |     2 |     1 |     7 ||    15
    Use: Potion            |       |       |     7 |     4 |     5 ||    16
         Scroll            |       |       |       |    17 |     5 ||    22
   Stab: Sleeping          |     3 |       |       |       |     4 ||     7
         Distracted        |       |       |     2 |     6 |    10 ||    18
 Armour: Skin              |    50 |   110 |   191 |   217 |   232 ||   800
  Dodge: Dodged            |    44 |    94 |   180 |   335 |   331 ||   984
         Repelled          |       |       |     4 |     6 |       ||    10
   Form: Flux              |       |     1 |       |       |       ||     1
         Blade             |       |       |       |     2 |       ||     2
         Serpent           |       |       |       |     2 |       ||     2

Table legend: (Time is in decaauts)
 A = Elapsed time spent in this place.
 B = Non-inter-level travel time spent in this place.
 C = Inter-level travel time spent in this place.
 D = Time resting spent in this place.
 E = Time spent auto-exploring this place.
 F = Levels seen in this place.
 G = Mean time per level.
                   A        B        C        D        E       F      G
               +--------+--------+--------+--------+--------+-----+--------+
         Total |  19249 |  17791 |   1458 |   3973 |  11257 |  19 | 1013.1 |
       Dungeon |  10852 |   9722 |   1130 |   1411 |   6877 |  11 |  986.5 |
        Temple |     22 |      1 |     21 |      0 |      0 |   1 |   22.0 |
          Lair |   6909 |   6708 |    201 |   2278 |   3559 |   5 | 1381.8 |
  Orcish Mines |   1464 |   1359 |    105 |    284 |    821 |   2 |  732.0 |
               +--------+--------+--------+--------+--------+-----+--------+

Top non-repeatable levels by time:
  Lair:5: 2446 daAuts
     D:6: 1275 daAuts
     D:4: 1257 daAuts
  Lair:2: 1232 daAuts
     D:2: 1174 daAuts
  Lair:3: 1091 daAuts
     D:7: 1077 daAuts
  Lair:1: 1073 daAuts
  Lair:4: 1065 daAuts
     D:5: 1044 daAuts
    D:11: 1000 daAuts
     D:3: 976 daAuts
   Orc:1: 942 daAuts
    D:10: 941 daAuts
     D:8: 788 daAuts
